 Dungeon Crawl Stone Soup version 0.27-a0-808-g60bc5d92e6 (webtiles) character file.

Game seed: 8547457872155046282

1267 polve the Carver (level 8, -4/57 (58) HPs)
             Began as a Demonspawn Abyssal Knight on Mar 28, 2021.
             Was a Believer of Lugonu.
             Slain by Menkaure (16 damage)
             ... on level 5 of the Dungeon.
             The game lasted 00:05:11 (5595 turns).

polve the Carver (Demonspawn Abyssal Knight)        Turns: 5595, Time: 00:05:11

HP:   -4/57 (58)    AC: 12    Str: 13    XL:     8   Next: 28%
MP:   11/11         EV: 10    Int: 16    God:    Lugonu [**....]
Gold: 275           SH:  0    Dex: 16    Spells: 7/7 levels left

rFire    . . .     SeeInvis .   m - +2 long sword (vorpal)
rCold    . . .     Faith    .   (no shield)
rNeg     . . .     Spirit   .   d - quicksilver dragon scales
rPois    .         Reflect  .   r - +2 hat
rElec    .         Harm     .   (no cloak)
rCorr    .         Rampage  .   c - +0 pair of gloves
Will     +....                  (no boots)
Stlth    +++.......             (no amulet)
HPRegen  0.19/turn              (no ring)
MPRegen  0.24/turn              (no ring)

@: lightly drained
A: hooves 1, thin skeletal structure 2, powered by death 1, magic regeneration
a: Renounce Religion, Depart the Abyss, Bend Space


You were on level 5 of the Dungeon.
You worshipped Lugonu.
Lugonu was pleased with you.
You visited 1 branch of the dungeon, and saw 5 of its levels.
You visited the Abyss 1 time.
You also visited: Sewer.

You collected 275 gold pieces.

Inventory:

Hand Weapons
 m - a +2 vorpal long sword (weapon)
Armour
 c - a +0 pair of gloves (worn)
 d - quicksilver dragon scales (worn)
 r - a +2 hat (worn)
Jewellery
 i - a ring of flight
 v - a ring of see invisible
Scrolls
 a - 2 scrolls of blinking
 j - a scroll of silence {unknown}
 k - 4 scrolls of teleportation
 n - a scroll of summoning {unknown}
 o - a scroll of fear {unknown}
 s - a scroll of amnesia {unknown}
 t - 2 scrolls of identify
 w - a scroll of magic mapping {unknown}
Potions
 b - a potion of experience {unknown}
 e - a potion of flight {unknown}
 f - a potion of ambrosia {unknown}
 g - a potion of attraction
 h - a potion of cancellation {unknown}
 l - 4 potions of heal wounds
 p - a potion of magic {unknown}
 q - a potion of haste {unknown}
 u - a potion of degeneration {unknown}


   Skills:
 - Level 3.0 Fighting
 - Level 8.6 Long Blades
 - Level 1.7 Armour
 - Level 0.8 Dodging
 + Level 2.5 Stealth
 + Level 4.3 Invocations


You had 7 spell levels left.
You didn't know any spells.
Your spell library contained the following spells:

 Spells                   Type           Power      Damage    Failure   Level
 Corona                   Hex            0%         N/A       47%         1
 Ensorcelled Hibernation  Hex/Ice        0%         N/A       63%         2
 Confusing Touch          Hex            0%         N/A       85%         3
 Dazzling Flash           Conj/Hex       0%         N/A       85%         3
 Tukima's Dance           Hex            0%         N/A       85%         3


Dungeon Overview and Level Annotations

Branches:
Dungeon (5/15)              Sewer (visited)
 Temple: D:4-7

Altars:
Dithmenos
Nemelex Xobeh
Ru

Annotations:
D:5 Menkaure


Innate Abilities, Weirdness & Mutations

You have large cloven feet.
You have a moderately thin skeletal structure. (Dex +4, Stealth+)
You regenerate a little health from kills.
You regenerate magic rapidly.


Message History

You are too injured to fight recklessly!
You are too injured to fight recklessly!
You are too injured to fight recklessly!
You are too injured to fight recklessly!
You are too injured to fight recklessly!
You are too injured to fight recklessly!
You are too injured to fight recklessly!
You are too injured to fight recklessly!
You are too injured to fight recklessly!
You are too injured to fight recklessly!
You are too injured to fight recklessly!
You are too injured to fight recklessly!
You are too injured to fight recklessly!
You are too injured to fight recklessly!
You are too injured to fight recklessly!
You are too injured to fight recklessly!
You are too injured to fight recklessly!
You are too injured to fight recklessly!
You are too injured to fight recklessly!
You are too injured to fight recklessly!
You are too injured to fight recklessly!
You are too injured to fight recklessly!
Menkaure hits you!
You hit Menkaure but do no damage. Menkaure casts a spell at you.
You resist with some effort.
You hit Menkaure. You kick Menkaure.
Menkaure is lightly damaged.
Menkaure barely misses you.
You riposte.
You hit Menkaure. You kick Menkaure.
Menkaure is moderately damaged.
You hit Menkaure but do no damage.
Menkaure is moderately damaged.
Menkaure grins.
Menkaure closely misses you.
You hit Menkaure. You kick Menkaure, but do no damage.
Menkaure is heavily damaged.
Menkaure hits you!
* * * LOW HITPOINT WARNING * * *
Menkaure hits you!
You die...

#.####### ##.....#
......... .......+
#.####### #......# #.#
#......# ..# #......#
#.##############))....#
.....)...........)....#
################.##+###
#####.........##@#
.............###M#
...#....###..# #.#
...#....# #..# #.#
...#....# ##.# #.#
...'....# #.# #.#
...#....# #.# #.#
...#....# #.###.#
...#....# #..# .#


You could see Menkaure (fast).

Vanquished Creatures
  Grinder (D:4)
  An ogre (D:5)
  A phantom (D:5)
  7 kobold brigands (Sewer)
  A centaur zombie (D:2)
  An orc priest (D:5)
  A hound (D:4)
  2 centaur skeletons (D:5)
  An iguana (D:5)
  4 gnolls (D:3)
  8 adders
  2 river rats
  4 worms (Sewer)
  A dart slug (D:1)
  10 orcs
  8 ball pythons
  7 endoplasms
  3 giant cockroaches (D:4)
  4 goblins
  4 hobgoblins
  18 jackals
  2 quokkas
  7 bats
  3 frilled lizards
  9 kobolds
  13 rats
123 creatures vanquished.

Notes
Turn   | Place    | Note
-------+----------+-------------------------------------------
     0 | Abyss:1  | polve the Demonspawn Abyssal Knight began the quest for the
                  | Orb.
     0 | Abyss:1  | Reached XP level 1. HP: 18/18 MP: 2/2
   105 | Abyss:1  | Noticed a small abomination
   185 | Abyss:2  | Noticed a wretched star
   187 | D:1      | Escaped the Abyss
   244 | D:1      | Reached skill level 2 in Long Blades
   523 | D:1      | Gained mutation: You have a somewhat thin skeletal
                  | structure. (Dex +2, Stealth) [demonic ancestry]
   523 | D:1      | Reached XP level 2. HP: 19/24 MP: 3/3
   670 | D:1      | Reached * piety under Lugonu
   671 | D:1      | Reached skill level 3 in Long Blades
   955 | D:1      | Reached XP level 3. HP: 28/29 MP: 4/4
  1113 | D:2      | Reached skill level 4 in Long Blades
  1113 | D:2      | Gained mutation: You regenerate a little health from kills.
                  | [demonic ancestry]
  1113 | D:2      | Reached XP level 4. HP: 27/35 MP: 5/5
  1283 | D:2      | Found a shadowy altar of Dithmenos.
  2033 | D:3      | Reached XP level 5. HP: 29/41 MP: 6/6
  2192 | D:3      | Found a sparkling altar of Nemelex Xobeh.
  2265 | D:3      | Reached skill level 5 in Long Blades
  2267 | D:3      | Reached ** piety under Lugonu
  2312 | D:3      | Found a sacrificial altar of Ru.
  2982 | D:4      | Noticed Grinder
  3009 | D:4      | Killed Grinder
  3010 | D:4      | Reached skill level 6 in Long Blades
  3010 | D:4      | Gained mutation: You regenerate magic rapidly. [demonic
                  | ancestry]
  3010 | D:4      | Reached XP level 6. HP: 24/47 MP: 7/7
  3151 | D:4      | Found a glowing drain.
  3176 | Sewer    | Entered a sewer
  3261 | Sewer    | Reached skill level 7 in Long Blades
  3261 | Sewer    | Gained mutation: You have a moderately thin skeletal
                  | structure. (Dex +4, Stealth+) [demonic ancestry]
  3261 | Sewer    | Reached XP level 7. HP: 37/52 MP: 8/8
  3914 | Sewer    | Reached skill level 8 in Long Blades
  5084 | D:4      | Identified the +11 mace of Ebodghad {drain, rN+}
  5088 | D:5      | Entered Level 5 of the Dungeon
  5191 | D:5      | Gained mutation: You have large cloven feet. [demonic
                  | ancestry]
  5191 | D:5      | Reached XP level 8. HP: 58/58 MP: 9/9
  5383 | D:5      | Reached skill level 1 in Stealth
  5584 | D:5      | Noticed Menkaure
  5595 | D:5      | Slain by Menkaure

Illustrated notes

Levels and vault maps discovered:
D:1:      tarquinn_simple_flora_water_b, layout_rooms
D:2:      layout_basic, nicolae_dithmenos_shadow_blocks
D:3:      layout_basic, nicolae_ru_the_path_less_chosen, minmay_misc_feat_rows,
          nemelex_lonely_heart_becter
D:4:      layout_basic, portal_sewer_entry_c, uniq_grinder
D:5:      layout_basic, uniq_menkaure

Skill      XL: |  1  2  3  4  5  6  7  8 |
---------------+-------------------------+-----
Long Blades    | 2 3 4 6 7 8 |  8.6
Stealth        | 2 |  2.5
Invocations    | 4 |  4.3
Fighting       | |  3.0
Armour         | |  1.7
Dodging        | |  0.8

Action                   |  1- 3 |  4- 6 |  7- 9 || total
-------------------------+-------+-------+-------++-------
Melee: Falchion          |    78 |    48 |       ||   126
       Long sword        |       |   104 |   181 ||   285
       Kick              |       |       |    12 ||    12
Invok: Depart the Abyss  |     1 |       |       ||     1
  Use: Scroll            |       |       |     3 ||     3
       Potion            |       |       |     1 ||     1
 Stab: Sleeping          |     1 |     2 |     7 ||    10
Armor: Quicksilver drago |    69 |    80 |    59 ||   208
       Leather armour    |     1 |       |       ||     1
Dodge: Dodged            |    78 |    90 |    75 ||   243
       Rpst.: Falchion   |    25 |    11 |       ||    36
       Long sword        |       |    19 |    19 ||    38

Table legend: (Time is in decaauts)
 A = Elapsed time spent in this place.
 B = Non-inter-level travel time spent in this place.
 C = Inter-level travel time spent in this place.
 D = Time resting spent in this place.
 E = Time spent auto-exploring this place.
 F = Levels seen in this place.
 G = Mean time per level.
                   A        B        C        D        E       F      G
               +--------+--------+--------+--------+--------+-----+--------+
         Total |   5807 |   5762 |     45 |     10 |   4788 |   8 |  725.9 |
       Dungeon |   4262 |   4217 |     45 |      0 |   3592 |   5 |  852.4 |
         Abyss |    188 |    188 |      0 |      0 |    170 |   2 |   94.0 |
         Sewer |   1356 |   1356 |      0 |     10 |   1025 |   1 | 1356.0 |
               +--------+--------+--------+--------+--------+-----+--------+

Top non-repeatable levels by time:
   Sewer: 1356 daAuts
     D:4: 1080 daAuts
     D:3: 1033 daAuts
     D:1: 905 daAuts
     D:2: 737 daAuts
     D:5: 505 daAuts
 Abyss:1: 121 daAuts
 Abyss:2: 66 daAuts
